 Dungeon Sprint DCSS version 0.29-a0-97-g88c9fad16d (webtiles) character file.

Game seed: 4983712111236585350

74 mhtbhm the Spear-Bearer (level 4, 0/36 HPs)
             Began as a Merfolk Gladiator on Feb 13, 2022.
             Slain by a sky beast (1 damage)
             ... in the Dungeon (Sprint IX: "|||||||||||||||||||||||||||||").
             The game lasted 00:00:20 (94 turns).

mhtbhm the Spear-Bearer (Merfolk Gladiator)           Turns: 94, Time: 00:00:21

Health: 0/36       AC:  4    Str: 16    XL:     4   Next: 28%
Magic:  4/4        EV: 15    Int:  7    God:
Gold:   0          SH:  0    Dex: 15    Spells: 3/3 levels left

rFire   . . .      SeeInvis .   a - +0 trident
rCold   . . .      Faith    .   (no shield)
rNeg    . . .      Spirit   .   b - +0 leather armour
rPois   .          Reflect  .   c - +0 helmet
rElec   .          Harm     .   (no cloak)
rCorr   .          Rampage  .   (no gloves)
Will    .....      NoTele   +   (no boots)
Stlth   +.........              (no amulet)
HPRegen 0.12/turn               (no ring)
MPRegen 0.09/turn               (no ring)

@: on berserk cooldown, slowed, very slow
A: (nimble swimmer 2), mertail
a: no special abilities


You were in the Dungeon.
You visited 1 branch

Inventory:

Hand Weapons
 a - a +0 trident (weapon)
Missiles
 d - 3 throwing nets (quivered)
Armour
 b - a +0 leather armour (worn)
 c - a +0 helmet (worn)
Scrolls
 j - a scroll of blinking
Potions
 e - a potion of curing
 g - a potion of haste
 h - 2 potions of magic


   Skills:
 + Level 3.6 Fighting
 + Level 9.2 Polearms
 + Level 2.8 Throwing
 + Level 0.4 Armour
 + Level 7.0 Dodging


You had 3 spell levels left.
You didn't know any spells.
Your spell library was empty.

Dungeon Overview and Level Annotations

Branches:
Dungeon (1/1)

Altars:


Innate Abilities, Weirdness & Mutations

((You are very nimble when in or above water. (Stealth+, EV+, Speed+++)))
Your lower body shifts to a powerful aquatic tail in water.


Message History

Your Fighting skill increases to level 3!
Your Polearms skill gained 3 levels and is now at level 9!
Your Dodging skill gained 2 levels and is now at level 7!
You have reached level 3!
Your experience leads to an increase in your attributes!
Increase (S)trength, (I)ntelligence, or (D)exterity?
You feel stronger. x2
You have reached level 4!
Something is blocking the doorway!
You feel sick. Something completely misses you.
You start resting.
There are monsters nearby!
You start resting.
There are monsters nearby!
Something is blocking the doorway!
You feel sick. Something hits you. Something shocks you.
* * * LOW HITPOINT WARNING * * *
Something hits you but does no damage.
Unknown command.
You closely miss something.
You feel sick.
You are no longer poisoned.
Something hits you but does no damage.
Unknown command.
You feel much better. Something hits you. Something shocks you.
Something hits you but does no damage.
You miss something. Something hits you but does no damage.
You hit something. Something hits you but does no damage.
You miss something. Something hits you but does no damage.
You miss something. Something hits you. Something shocks you.
* * * LOW HITPOINT WARNING * * *
Something hits you but does no damage.
You miss something. Something hits you but does no damage.
You hit something. Something hits you but does no damage.
You closely miss something. Something hits you.
* * * LOW HITPOINT WARNING * * *
Something shocks you.
* * * LOW HITPOINT WARNING * * *
You hit something but do no damage. Something hits you but does no damage.
Something hits you.
You die... ▓▓▓▓▓▓▓▓▓▓▓▓▓▓▓▓▓▓ ▓<...)....@{ho...+ ▓▓▓▓▓▓▓▓▓▓▓▓▓▓▓▓▓▓

You could see an orc and a jackal.

Vanquished Creatures
  A scorpion (D)
  An adder (D)
  A dart slug (D)
  2 bats (D)
  A goblin (D)
  A ball python (D)
7 creatures vanquished.

Notes
Turn   | Place    | Note
-------+----------+-------------------------------------------
     0 | D        | mhtbhm the Merfolk Gladiator began the quest for the Orb.
     0 | D        | Reached XP level 1. HP: 16/16 MP: 1/1
    12 | D        | Reached skill level 5 in Polearms
    23 | D        | Reached XP level 2. HP: 20/23 MP: 2/2
    60 | D        | Noticed a scorpion
    60 | D        | Noticed a sky beast
    71 | D        | Reached skill level 6 in Polearms
    71 | D        | Reached skill level 5 in Dodging
    82 | D        | Killed a scorpion
    83 | D        | Reached skill level 9 in Polearms
    83 | D        | Reached XP level 3. HP: 14/29 MP: 3/3
    83 | D        | Reached XP level 4. HP: 17/36 MP: 4/4
    93 | D        | HP: 1/36 [something (6)]
    94 | D        | Slain by a sky beast

Illustrated notes

Levels and vault maps discovered:
D:        linesprint [early_d, line_temple, items_1, d_10, items_2, lair_1,
          lair_end, items_3, orc_1, orc_end, items_4, d_15, swamp_1, shoals_1,
          snake_1, spider_1, d_20, vaults_1, items_5, swamp_end, shoals_end,
          snake_end, spider_end, vaults_end, d_27, items_6, zot_1, zot_end,
          crypt_end, forest_end, elf_end, slime_end, tomb_end, abyss_end,
          pan_hell_end]

Skill      XL: |  1  2 |
---------------+-------+-----
Polearms       | 5 9 |  9.2
Dodging        | 7 |  7.0
Fighting       | 3 |  3.6
Throwing       | |  2.8
Armour         | |  0.4

Action                   |  1- 3 |  4- 6 || total
-------------------------+-------+-------++-------
Melee: Trident           |    40 |     9 ||    49
  Use: Potion            |     1 |     1 ||     2
Armor: Leather armour    |     9 |    10 ||    19
Dodge: Dodged            |    31 |     1 ||    32

Table legend: (Time is in decaauts)
 A = Elapsed time spent in this place.
 B = Non-inter-level travel time spent in this place.
 C = Inter-level travel time spent in this place.
 D = Time resting spent in this place.
 E = Time spent auto-exploring this place.
 F = Levels seen in this place.
 G = Mean time per level.
                   A        B        C        D        E       F      G
               +--------+--------+--------+--------+--------+-----+--------+
         Total |     97 |     97 |      0 |     31 |      3 |   1 |   97.0 |
       Dungeon |     97 |     97 |      0 |     31 |      3 |   1 |   97.0 |
               +--------+--------+--------+--------+--------+-----+--------+

Top non-repeatable levels by time:
       D: 97 daAuts
